details: 'nadmata4'

« prev index next »

General information

Mini Map

Players

team 1
OrcDNK. (red | 122 APM | 1323 actions | 10:50)
Hero icon 3 Blademaster
Ability icon 2 Wind Walk
Ability icon 1 Critical Strike
Hero icon 2 Shadow Hunter
Ability icon 1 Hex
Ability icon 1 Healing Wave

» actions
Assign group hotkey6
Basic commands33
Build / train39
Enter build submenu14
Enter hero's abilities submenu5
Right click808
Select / deselect161
Select group hotkey200
Use ability57
1323 total
» units
Peon10
Grunt5
Spirit Walker2
17 total
» upgrades
Berserker Strength1
1 total
» buildings
Altar of Storms1
Orc Burrow5
Voodoo Lounge1
Barracks2
Stronghold3
War Mill1
Spirit Lodge1
Beastiary1
15 total
» build order
00:05 Altar of Storms
00:15 Orc Burrow
00:16 Orc Burrow
00:49 Voodoo Lounge
01:22 Barracks
01:50 Orc Burrow
03:24 Stronghold
03:24 Stronghold
05:04 War Mill
05:48 Orc Burrow
07:46 Barracks
07:48 Spirit Lodge
08:55 Orc Burrow
08:58 Beastiary
» items
Healing Salve2
Lesser Clarity Potion1
Scroll of Speed1
Boots of Speed1
Staff of Teleportation3
8 total
Humanmata. (blue | 138 APM | 1490 actions | 10:46)
Hero icon 3 Archmage
Ability icon 2 Summon Water Elemental
Ability icon 1 Brilliance Aura
Hero icon 1 Mountain King
Ability icon 1 Storm Bolt

» actions
Assign group hotkey215
Basic commands18
Build / train61
Enter build submenu39
Enter hero's abilities submenu4
Remove unit from queue1
Right click524
Select / deselect398
Select group hotkey169
Use ability61
1490 total
» units
Peasant17
Footman5
Rifleman11
33 total
» upgrades
Gunpowder2
Long Rifles1
Armor1
4 total
» buildings
Altar of Kings1
Barracks2
Farm11
Town Hall1
Keep2
Blacksmith1
Arcane Vault1
Lumber Mill1
Arcane Sanctum1
Scout Tower9
Guard Tower6
36 total
» build order
00:06 Altar of Kings
00:18 Barracks
00:19 Farm
01:04 Farm
01:36 Farm
01:38 Farm
02:46 Town Hall
03:48 Farm
04:40 Keep
04:56 Blacksmith
05:03 Barracks
05:40 Arcane Vault
05:43 Farm
06:30 Farm
06:31 Farm
06:59 Farm
07:01 Farm
07:45 Lumber Mill
08:05 Farm
08:56 Arcane Sanctum
09:01 Scout Tower
09:01 Scout Tower
09:02 Scout Tower
09:41 Guard Tower
09:42 Scout Tower
09:43 Scout Tower
09:43 Scout Tower
10:13 Guard Tower
10:13 Guard Tower
10:19 Guard Tower
10:19 Guard Tower
10:20 Scout Tower
10:37 Scout Tower
10:37 Scout Tower
» items
Scroll of Regeneration2
2 total
team 2
Random» NightElfArthur_Laroche (pink | 88 APM | 948 actions | 10:46)
Hero icon 1 Demon Hunter
Ability icon 1 Mana Burn

» actions
Assign group hotkey26
Basic commands34
Build / train27
Enter build submenu15
Enter hero's abilities submenu1
Remove unit from queue2
Right click451
Select / deselect300
Select group hotkey51
Use ability41
948 total
» units
Wisp16
Huntress6
22 total
» buildings
Altar of Elders1
Moon Well4
Ancient of War3
Hunter's Hall1
Ancient Protector1
Ancient of Wonders1
11 total
» build order
00:07 Altar of Elders
00:24 Moon Well
01:42 Ancient of War
01:48 Hunter's Hall
02:04 Moon Well
02:55 Ancient Protector
03:03 Ancient of Wonders
04:51 Ancient of War
06:10 Ancient of War
06:40 Moon Well
06:46 Moon Well
» items
Dust of Appearance1
1 total
Random» UndeadFred_Cailloux (green | 80 APM | 859 actions | 10:45)
Hero icon 2 Dark Ranger
Ability icon 1 Black Arrow
Ability icon 1 Life Drain
Hero icon 1 Death Knight
Ability icon 1 Death Coil

» actions
Assign group hotkey84
Basic commands13
Build / train40
Enter build submenu18
Enter hero's abilities submenu3
Give item / drop item1
Right click420
Select / deselect129
Select group hotkey125
Use ability26
859 total
» units
Acolyte2
Ghoul17
Necromancer6
25 total
» buildings
Crypt1
Ziggurat4
Altar of Darkness1
Nerubian Tower2
Graveyard1
Halls of the Dead4
Tomb of Relics1
Temple of the Damned1
Black Citadel1
16 total
» build order
00:12 Crypt
00:14 Ziggurat
00:18 Ziggurat
00:49 Ziggurat
00:57 Altar of Darkness
01:23 Nerubian Tower
01:58 Graveyard
02:55 Halls of the Dead
02:55 Halls of the Dead
03:17 Nerubian Tower
05:00 Tomb of Relics
05:08 Ziggurat
06:01 Temple of the Damned
07:02 Black Citadel
» items
Potion of Healing1
Scroll of Town Portal1
Potion of Mana1
3 total